Match 41333798
Unlisted

Match 41333798
End
Construct Section Command Post
Selects Heavy Armor Battlegroup
Dingo Light Scout Car
Infantry Section
Infantry Section
Construct Platoon Command Post
Selects Rigorous Vehicle Training
Humber Armored Car
Royal Engineer Section
Infantry Section
Unlock M3 Stuart Light Tanks
M3 Stuart Light Tank
Construct Field Infirmary
Selects Forward Repair Assembly
M3 Stuart Light Tank
Infantry Section
Light Vehicle Training
M3 Stuart Light Tank
Grenade Package
Royal Engineer Section
M3 Stuart Light Tank
Construct Company Command Post
Selects Churchill Black Prince Heavy Tank
Matilda II Heavy Tank
Infantry Training
Infantry Section
Infantry Section
Royal Engineer Section
Matilda II Heavy Tank
Armored Vehicle Training
Churchill Black Prince Heavy Tank
Selects Light Vehicle Withdraw and Refit
Selects Radio Net
Selects Recon Artillery
Recon Artillery
VECA
Leo Nev
Rudis Bua
Johnson&Johnson
Naveed #No2IRGC
MUDDYBOOTZ
ibb *****punk
Zlorwf
0
0

Comments sign in to comment!

No comments posted yet!